 Dungeon Crawl Stone Soup version 0.29.1-15-g9cfb28693d (webtiles) character file.

Game seed: 7908027795955228110

20 Silvore the Trooper (level 2, -2/24 HPs)
             Began as a Demonspawn Fighter on May 1, 2023.
             Slain by a quokka (3 damage)
             ... on level 1 of the Dungeon.
             The game lasted 00:01:00 (483 turns).

Silvore the Trooper (Demonspawn Fighter)             Turns: 483, Time: 00:01:00

Health: -2/24      AC:  8    Str: 16    XL:     2   Next: 58%
Magic:  2/2        EV:  8    Int:  9    God:
Gold:   0          SH:  4    Dex: 12    Spells: 1/1 levels left

rFire   . . .      SeeInvis .   a - +0 long sword
rCold   . . .      Faith    .   c - +0 buckler
rNeg    . . .      Spirit   .   b - +0 scale mail
rPois   .          Reflect  .   (no helmet)
rElec   .          Harm     .   (no cloak)
rCorr   .          Rampage  .   (no gloves)
Will    .....                   (no boots)
Stlth   ..........              (no amulet)
HPRegen 0.08/turn               (no ring)
MPRegen 0.08/turn               (no ring)

@: no status effects
A: yellow scales 1
a: no special abilities


You were on level 1 of the Dungeon.
You visited 1 branch of the dungeon, and saw 1 of its levels.

Inventory:

Hand Weapons
 a - a +0 long sword (weapon)
Armour
 b - a +0 scale mail (worn)
 c - a +0 buckler (worn)
Scrolls
 f - a scroll of teleportation {unknown}
Potions
 d - 2 potions of might
 e - a potion of ambrosia {unknown}


   Skills:
 + Level 3.3(1.6) Fighting
 + Level 2.0(1.0) Long Blades
 + Level 3.0(1.5) Armour
 + Level 0.1(0.0) Dodging
 + Level 2.8(1.4) Shields


You had one spell level left.
You didn't know any spells.
Your spell library was empty.

Dungeon Overview and Level Annotations

Branches:
Dungeon (1/15)

Altars:
Ashenzari


Innate Abilities, Weirdness & Mutations

You are partially covered in yellow scales. (AC +2)


Message History

The quokka closely misses you. The quokka bites you.
The goblin hits you but does no damage.
The quokka bites you but does no damage.
You hit the goblin.
You kill the goblin!
You block the quokka's attack. The quokka bites you.
You block the quokka's attack. The quokka bites you.
Your base Armour skill increases to level 3!
The quokka barely misses you. The quokka completely misses you.
You see here a +0 club.
You closely miss the quokka. You block the quokka's attack.
The quokka bites you but does no damage. x3
You hit the quokka but do no damage.
The quokka bites you but does no damage. x2
The quokka bites you.
You hit the quokka.
The quokka is heavily wounded.
The quokka bites you.
The quokka bites you but does no damage.
The quokka barely misses you.
You barely miss the quokka.
The quokka bites you but does no damage.
The quokka bites you.
* * * LOW HITPOINT WARNING * * *
The quokka bites you but does no damage.
You miss the quokka. The quokka bites you.
* * * LOW HITPOINT WARNING * * *
The quokka bites you.
* * * LOW HITPOINT WARNING * * *
The quokka bites you but does no damage. x2
You closely miss the quokka.
The quokka is heavily wounded.
The quokka bites you but does no damage.
The quokka barely misses you. The quokka closely misses you.
You closely miss the quokka.
The quokka is heavily wounded.
The quokka bites you.
* * * LOW HITPOINT WARNING * * *
The quokka bites you.
You die...

## #.....###### .#####
#.###.# .....# #.# #.#
#....##########.# #.# #
#.†....##.......# .# ..
#....#.........####+#...
.....####.....###.......
###........>............
...........#r@r......
.........###.........
......... #.........
........ #.........
.....g. #......... ....r
#......### #......#
#......# ########


You could see 2 quokkas.

Vanquished Creatures
  A dart slug (D:1)
  An endoplasm (D:1)
  A giant cockroach (D:1)
  4 goblins (D:1)
  A hobgoblin (D:1)
  A quokka (D:1)
  A ball python (D:1)
  3 bats (D:1)
  A frilled lizard (D:1)
  2 kobolds (D:1)
  A rat (D:1)
17 creatures vanquished.

Notes
Turn   | Place    | Note
-------+----------+-------------------------------------------
     0 | D:1      | Silvore the Demonspawn Fighter began the quest for the Orb.
     0 | D:1      | Reached XP level 1. HP: 18/18 MP: 1/1
   251 | D:1      | Gained mutation: You are partially covered in yellow
                  | scales. (AC +2) [demonic ancestry]
   251 | D:1      | Reached XP level 2. HP: 23/24 MP: 2/2
   398 | D:1      | Found a faded altar of an unknown god.
   426 | D:1      | Prayed at the altar of an unknown god.
   426 | D:1      | Became a worshipper of Ashenzari the Shackled
   427 | D:1      | Fell from the grace of Ashenzari
   483 | D:1      | HP: 1/24 [quokka (3)]
   483 | D:1      | Slain by a quokka

Illustrated notes

Levels and vault maps discovered:
D:1:      onia_arrival_mini_spirals, layout_basic,
          shapermc_ecumenical_altar_mp_vishouse

Skill      XL: |  1  2 |
---------------+-------+-----
Long Blades    | 2 |  2.0
Armour         | 3 |  3.0
Fighting       | |  3.3
Dodging        | |  0.1
Shields        | |  2.8

Action                   || total
-------------------------++-------
Melee: Long sword        ||    51
Invok: Renounce Religion ||     1
Armor: Scale mail        ||    57
Dodge: Dodged            ||    37
Block: Buckler           ||    11
